 Dungeon Crawl Stone Soup version 0.21.1 (webtiles) character file.

63021 Firecrotchwizard the Peltast (level 15, -39/105 HPs)
             Began as a Merfolk Gladiator on Feb 2, 2018.
             Was a High Priest of Hepliaklqana.
             Annihilated by a white very ugly thing (44 damage)
             ... on level 12 of the Dungeon.
             The game lasted 00:50:20 (19227 turns).

Firecrotchwizard the Peltast (Merfolk Gladiator)   Turns: 19227, Time: 00:50:21

Health: -39/105    AC: 15    Str: 14    XL:     15   Next: 8%
Magic:  25/25      EV: 23    Int:  8    God:    Hepliaklqana [*****.]
Gold:   1111       SH: 23    Dex: 22    Spells: 14/14 levels left

rFire    . . .     SeeInvis +   E - +5 trident (pierce)
rCold    . . .     Gourm    .   i - +6 shield "Wet Zuje" {rPois SInv Stlth+}
rNeg     . . .     Faith    .   y - +1 scale mail "Bima" {rPois Regen+ SInv Stlth+}
rPois    +         Spirit   .   c - +2 helmet
rElec    .         Reflect  +   g - +0 cloak
rCorr    .         Harm     .   p - +2 pair of gloves
MR       +....                  w - +0 pair of boots
Stlth    ++++......             N - +3 amulet of reflection
HPRegen  0.67/turn              k - +5 ring of evasion
MPRegen  0.19/turn              O - ring of stealth {Stlth+}

@: no status effects
A: change form in water, swift swim, stealthy swim, reduced essence
a: Recall Ancestor, Ancestor Identity, Transference, Idealise, Renounce Religion


You were on level 12 of the Dungeon.
You worshipped Hepliaklqana.
Hepliaklqana was extremely pleased with you.
You were not hungry.

You visited 3 branches of the dungeon, and saw 19 of its levels.
You visited the Abyss 1 time.

You collected 1405 gold pieces.
You spent 294 gold pieces at shops.

Inventory:

Hand Weapons
 E - a +5 trident of piercing (weapon)
   (You found it on level 7 of the Dungeon)
 H - a +0 blowgun
   (You found it on level 6 of the Dungeon)
Missiles
 d - 3 throwing nets {=f, !d}
 I - a curare-tipped needle
Armour
 c - a +2 helmet (worn)
 g - a +0 cloak (worn)
   (You took it off Maurice on level 8 of the Dungeon)
 i - the +6 shield "Wet Zuje" (worn) {rPois SInv Stlth+}
   (You bought it in a shop on level 11 of the Dungeon)

   It protects you from poison.
   It lets you see invisible.
   It makes you more stealthy.
 p - a +2 pair of gloves (worn)
   (You found it on level 7 of the Dungeon)
 w - a +0 pair of boots (worn)
   (You found it on level 4 of the Dungeon)
 y - the +1 scale mail "Bima" (worn) {rPois Regen+ SInv Stlth+}
   (You found it on level 6 of the Dungeon)

   It protects you from poison.
   It lets you see invisible.
   It increases your rate of regeneration.
   It makes you more stealthy.
Jewellery
 k - a +5 ring of evasion (left hand)
   (You found it on level 8 of the Dungeon)
 s - an uncursed amulet of magic regeneration {@e1}
   (You found it on level 6 of the Lair of Beasts)
 J - an uncursed ring of protection from cold {rC+, !d}
   (You found it on level 11 of the Dungeon)
 N - a +3 amulet of reflection (around neck)
   (You found it on level 1 of the Lair of Beasts)
 O - a ring of stealth (right hand) {Stlth+}
   (You found it on level 2 of the Lair of Beasts)
 P - an uncursed ring of wizardry {Wiz+, !d}
   (You found it on level 2 of the Lair of Beasts)
 Q - an uncursed ring of protection from fire {rF+, !d}
   (You found it on level 5 of the Lair of Beasts)
 S - an uncursed amulet of regeneration {@e1+regen, !d}
   (You found it on level 3 of the Lair of Beasts)
Wands
 r - a wand of digging (9)
   (You found it on level 11 of the Dungeon)
 v - a wand of disintegration (16) {@e1}
   (You found it on level 4 of the Dungeon)
 K - a wand of acid (23)
   (You found it on level 9 of the Dungeon)
 T - a wand of iceblast (9)
   (You found it on level 3 of the Lair of Beasts)
Scrolls
 b - a scroll of silence {unknown}
 n - 9 scrolls of remove curse
 o - 4 scrolls of identify
 t - 6 scrolls of amnesia
 F - 2 scrolls of magic mapping {!r}
 G - a scroll of enchant weapon
 L - a scroll of blinking {!r}
 R - 7 scrolls of teleportation
 V - 2 scrolls of fog
 W - a scroll of summoning {unknown}
Potions
 e - 4 potions of agility
 l - 6 potions of invisibility
 m - 4 potions of mutation {!q}
 u - 2 potions of ambrosia
 x - 3 potions of curing
 z - 5 potions of flight
 A - a potion of cancellation {unknown}
 B - 4 potions of lignification {!q}
 D - 3 potions of magic
 M - 2 potions of heal wounds {unknown}
 X - a potion of haste {unknown}
 Y - a potion of might
Books
 q - a book of Minor Magic
   (You found it on level 7 of the Dungeon)
 C - a book of Flames
   (You found it on level 6 of the Dungeon)
 U - a book of Death
   (You found it on level 3 of the Lair of Beasts)
Miscellaneous
 a - a box of beasts
Comestibles
 f - 23 rations {@e1}


   Skills:
 + Level 10.6 Fighting
 - Level 14.1 Polearms
 - Level 2.3 Throwing
 + Level 12.6 Dodging
 - Level 15.0 Shields
 - Level 14.0 Invocations


You had 14 spell levels left.
You didn't know any spells.

Dungeon Overview and Level Annotations

Branches:
Dungeon (12/15)            Temple (1/1) D:7            Lair (6/6) D:9
  Swamp (0/4) Lair:2       Spider (0/4) Lair:4        Slime (0/5) Lair:6
    Orc (0/2) D:12

Altars:
Ashenzari
Cheibriados
Dithmenos
Elyvilon
Gozag
Hepliaklqana
Kikubaaqudgha
Makhleb
Okawaru
Sif Muna
Trog
Uskayaw
Wu Jian
Xom
Zin
The Shining One
Jiyva

Shops:
D:9 (*   D:11 *

Annotations:
D:5 Grinder, Pikel, Prince Ribbit
D:10 Sonja
D:12 Erolcha; mcsquinty's ghost, journeyman MiFi


Message History

You feel better.
Appius hits the white very ugly thing with a broad axe of flaming.
Appius burns the white very ugly thing.
You block the brown very ugly thing's attack.
You regained 6 hp, and now have 10/105 hp.
You feel better.
The brown very ugly thing barely misses you.
You regained 11 hp, and now have 21/105 hp.
You feel better.
The white very ugly thing seems to regain its courage.
The brown very ugly thing engulfs you but does no damage.
You regained 7 hp, and now have 28/105 hp.
You puncture the brown very ugly thing!
You block the brown very ugly thing's attack.
You closely miss the brown very ugly thing.
You closely miss the brown very ugly thing.
Appius loses the glow of perfection.
You block the brown very ugly thing's attack.
You hit the brown very ugly thing.
You closely miss the brown very ugly thing.
You block the brown very ugly thing's attack.
You puncture the brown very ugly thing!
The brown very ugly thing completely misses you.
You barely miss the brown very ugly thing.
Your scale mail "Bima" prevents you from hitting the brown very ugly thing.
The brown very ugly thing engulfs you!
* * * LOW HITPOINT WARNING * * *
You are splashed with acid!
The acid burns!
* * * LOW HITPOINT WARNING * * *
You take 19 damage, and have 12/105 hp.
You puncture the brown very ugly thing! You hit the brown very ugly thing.
You block the brown very ugly thing's attack.
You puncture the brown very ugly thing!
The brown very ugly thing barely misses you.
You hit the brown very ugly thing.
Appius hits the brown very ugly thing with a broad axe of flaming!!
Appius burns the brown very ugly thing.
You hit the brown very ugly thing.
You kill the brown very ugly thing!
Training target 14.0 for Invocations reached!
Your Invocations skill increases to level 14!
You need to enable at least one skill for training.
There is a stone staircase leading up here.
You start resting.
You regained 2 hp, and now have 19/105 hp.
MP restored: 25 You climb upwards.
There is a stone staircase leading down here.
You regained 2 hp, and now have 21/105 hp.
You start resting.
You are feeling very hungry.
You regained 25 hp, and now have 46/105 hp.
You start resting.
Health restored: 105 You eat one of the 24 rations {@e1}.
That ration really hit the spot!
You climb downwards.
Level annotation: Erolcha; mcsquinty's ghost, journeyman MiFi You block the white very ugly thing's attack.
The white very ugly thing closely misses you.
There is a stone staircase leading up here.
You closely miss the white very ugly thing.
You hit the white very ugly thing but do no damage.
The white very ugly thing barely misses you.
Appius hits the white very ugly thing with a broad axe of flaming!
Appius burns the white very ugly thing.
You hit the white very ugly thing but do no damage.
You hit the white very ugly thing.
You block the white very ugly thing's attack.
You closely miss the white very ugly thing.
Appius hits the white very ugly thing but does no damage.
The white very ugly thing pecks you!
The white very ugly thing freezes you!!!
You take 57 damage, and have 48/105 hp.
MASSIVE DAMAGE!!
You are too injured to fight recklessly!
You hit the white very ugly thing. You puncture the white very ugly thing!
Appius closely misses the white very ugly thing.
The white very ugly thing closely misses you.
You barely miss the white very ugly thing.
You closely miss the white very ugly thing.
You block the white very ugly thing's attack.
Appius hits the white very ugly thing with a broad axe of flaming!
Appius burns the white very ugly thing!
You catch the helpless white very ugly thing completely off-guard!
You puncture the white very ugly thing! The white very ugly thing pecks you.
The white very ugly thing freezes you!!
* * * LOW HITPOINT WARNING * * *
You take 31 damage, and have 19/105 hp.
MASSIVE DAMAGE!!
You hit the white very ugly thing.
Appius hits the white very ugly thing with a broad axe of flaming.
Appius burns the white very ugly thing.
You puncture the white very ugly thing!
You block the white very ugly thing's attack.
The white very ugly thing gores you!
* * * LOW HITPOINT WARNING * * *
The white very ugly thing freezes you!!!
You die...

#..........#
..♣ ♣♣.
#..........#
♣♣♣ ♣♣
#..........# ♣.
########...# ♣♣
#...# ♣ #...##
#....##########
####
#..............
..(.
#.....u@R##
....
#.......>..u#
...#
#...........#
.. #
#...........# #
#...........# #
#...........# #
#...........#
####.........


You could see the friendly Appius the knight and 2 very ugly things.

Vanquished Creatures
  A tentacled monstrosity (Abyss:2)
  Kirke (Lair:6)
  2 very ugly things
  The ghost of Manatee the Fighter, a journeyman GnAK of Lugonu (Lair:6)
  6 hydras
  3 two-headed ogres
  A catoblepas (Lair:4)
  A merfolk avatar (Lair:6)
  Erica (D:9)
  9 death yaks
  A thrashing horror (Abyss:2)
  The ghost of lux767 the Fighter, a novice DsFi of Jiyva (D:8)
  A harpy (shapeshifter) (Abyss:2)
  An ugly thing (D:11)
  A cyclops (D:10)
  A manticore (Lair:6)
  A worldbinder (Abyss:2)
  Maurice (D:8)
  3 black mambas
  2 torpor snails (Lair:6)
  A smoke demon (Abyss:2)
  An orange demon (Abyss:2)
  10 spiny frogs
  9 komodo dragons
  2 large abominations (Abyss:2)
  5 polar bears
  2 trolls (D:11)
  A hornet (D:9)
  A wind drake (Lair:6)
  4 hippogriffs
  12 blink frogs
  15 dream sheep (Lair:6)
  A meliai zombie (D:6)
  A redback (Lair:4)
  2 small abominations (Abyss:2)
  20 yaks
  6 spriggans (D:12)
  2 wyverns
  A basilisk (Lair:3)
  A hungry ghost (D:9)
  A hog (Lair:5)
  A chaos spawn (Abyss:2)
  5 swamp worms (Lair:2)
  11 water moccasins
  12 porcupines
  An orc warrior (D:7)
  3 ice beasts
  A phantom (D:7)
  A sky beast (D:12)
  A slave (D:5)
  2 black bears
  5 wolves (Lair:3)
  8 centaurs
  13 crocodiles
  13 bullfrogs
  2 scorpions
  9 killer bees (D:7)
  An electric eel (Lair:2)
  6 howler monkeys
  3 crimson imps
  3 hounds
  A jelly (D:7)
  2 orc priests
  3 bullfrog zombies
  A bullfrog skeleton (D:10)
  2 centaur skeletons
  An iguana (D:7)
  5 worker ants
  A hound zombie (D:5)
  A hound skeleton (D:6)
  A worker ant zombie (D:9)
  12 adders
  3 shadow imps
  An ooze (D:1)
  3 worms
  3 dart slugs
  6 leopard geckos
  32 orcs
  4 giant cockroaches
  7 goblins
  7 hobgoblins
  17 jackals
  4 quokkas
  2 ball pythons
  A ball python skeleton (D:5)
  3 bats
  4 frilled lizards
  12 kobolds
  A leopard gecko skeleton (D:4)
  10 rats
388 creatures vanquished.

Vanquished Creatures (collateral kills)
  A hydra (Lair:2)
  A catoblepas (Lair:6)
  A two-headed ogre (D:12)
  A thrashing horror (D:12)
  A vampire mage (Abyss:2)
  Nergalle (D:10)
  2 manticores (Lair:6)
  An elephant (Lair:6)
  2 spiny frogs (Lair:6)
  2 komodo dragons
  A wind drake (Lair:6)
  2 hornets
  3 polar bears
  3 blink frogs
  2 dream sheep (Lair:6)
  A hippogriff (Lair:2)
  A spriggan (D:12)
  A wyvern (D:11)
  4 basilisks
  A neqoxec (Abyss:2)
  4 water moccasins
  2 ogres
  An ice beast (D:11)
  2 wolves (Lair:3)
  A phantom (D:11)
  2 crocodiles
  6 bullfrogs
  A killer bee (D:7)
  A howler monkey (D:9)
  An iguana (D:9)
  A hound zombie (D:9)
  2 leopard geckos
  A fungus (Lair:6)
57 creatures vanquished.

Vanquished Creatures (others)
  A cyclops (D:12)
  4 humans (Lair:6)
  18 knights
  4 ancestors
  22 fungi
  41 plants
90 creatures vanquished.

Grand Total: 535 creatures vanquished

Notes
Turn   | Place    | Note
-------+----------+-------------------------------------------
     0 | D:1      | Firecrotchwizard the Merfolk Gladiator began the quest for the Orb.
     0 | D:1      | Reached XP level 1. HP: 16/16 MP: 1/1
   316 | D:1      | Reached XP level 2. HP: 23/23 MP: 2/2
   697 | D:1      | Reached skill level 5 in Polearms
   742 | D:1      | Reached XP level 3. HP: 20/28 MP: 3/3
  1492 | D:2      | Reached skill level 6 in Polearms
  1525 | D:2      | Reached XP level 4. HP: 32/34 MP: 4/4
  2031 | D:2      | HP: 8/34 [orc/hand axe (7)]
  2033 | D:2      | HP: 3/34 [orc/hand axe (5)]
  2035 | D:2      | Reached skill level 7 in Polearms
  2035 | D:2      | Reached XP level 5. HP: 4/39 MP: 5/5
  2489 | D:3      | Found an iron altar of Okawaru.
  2491 | D:3      | Found a glowing golden altar of the Shining One.
  2855 | D:3      | Reached skill level 8 in Polearms
  3476 | D:4      | Reached XP level 6. HP: 31/46 MP: 6/6
  3739 | D:4      | Reached skill level 9 in Polearms
  3937 | D:5      | Entered Level 5 of the Dungeon
  3975 | D:5      | Noticed Prince Ribbit
  3982 | D:5      | HP: 7/46 [Prince Ribbit (12)]
  4371 | D:5      | Noticed a slave
  4654 | D:5      | Found a burning altar of Makhleb.
  4686 | D:5      | Noticed Grinder
  4785 | D:5      | Noticed a slave
  4827 | D:5      | Killed a slave
  4913 | D:5      | Reached skill level 10 in Polearms
  5380 | D:5      | Noticed Pikel
  5405 | D:6      | Got a twisted scale mail
  5416 | D:6      | Identified the cursed +1 scale mail "Bima" {rPois Regen+ SInv Stlth+} (You found it on level 6 of the Dungeon)
  5445 | D:6      | Reached XP level 7. HP: 50/51 MP: 7/7
  5740 | D:6      | HP: 12/51 [meliai zombie (6)]
  5743 | D:6      | Reached skill level 11 in Polearms
  5873 | D:6      | Reached skill level 12 in Polearms
  6059 | D:6      | Reached XP level 8. HP: 57/57 MP: 8/8
  6439 | D:7      | Reached skill level 13 in Polearms
  6781 | D:7      | Reached skill level 14 in Polearms
  6916 | D:7      | Reached skill level 3 in Fighting
  6934 | D:7      | Reached skill level 5 in Dodging
  6960 | D:7      | Reached skill level 4 in Fighting
  6963 | D:7      | Reached XP level 9. HP: 40/65 MP: 9/9
  6977 | D:7      | Reached skill level 6 in Dodging
  7065 | D:7      | Found a staircase to the Ecumenical Temple.
  7074 | Temple   | Entered the Ecumenical Temple
  7097 | Temple   | Became a worshipper of Hepliaklqana the Forgotten
  7381 | D:8      | Noticed Maurice
  7399 | D:8      | Killed Maurice
  7399 | D:8      | Reached skill level 5 in Fighting
  7399 | D:8      | Reached skill level 7 in Dodging
  7549 | D:8      | Reached skill level 6 in Fighting
  7553 | D:8      | Found an ancient bone altar of Kikubaaqudgha.
  7596 | D:8      | Reached skill level 8 in Dodging
  7676 | D:8      | Noticed lux767's ghost (novice DsFi)
  7710 | D:8      | Killed lux767's ghost
  7710 | D:8      | Reached skill level 7 in Fighting
  7710 | D:8      | Reached skill level 9 in Dodging
  7786 | D:8      | Reached * piety under Hepliaklqana
  8007 | D:8      | You fall through a shaft for 3 floors!
  8015 | D:11     | Found Avvu's Assorted Antiques.
  8023 | D:11     | Bought a faintly glowing shield for 294 gold pieces
  8028 | D:11     | Identified the +6 shield "Wet Zuje" {rPois SInv Stlth+} (You bought it in a shop on level 11 of the Dungeon)
  8028 | D:11     | Found a flagged portal.
  8122 | D:10     | Entered Level 10 of the Dungeon
  8126 | D:10     | Noticed a two-headed ogre
  8149 | D:10     | Killed a two-headed ogre
  8149 | D:10     | Reached skill level 8 in Fighting
  8149 | D:10     | Reached skill level 10 in Dodging
  8149 | D:10     | Reached XP level 10. HP: 72/72 MP: 8/10
  8277 | D:10     | Noticed a cyclops
  8286 | D:10     | Killed a cyclops
  8346 | D:9      | Found a snail-covered altar of Cheibriados.
  8351 | D:9      | Found a white marble altar of Elyvilon.
  8442 | D:9      | Reached skill level 9 in Fighting
  8442 | D:9      | Reached skill level 11 in Dodging
  8465 | D:9      | Found Kahoa's Weapon Shoppe.
  8466 | D:9      | Noticed Erica
  8572 | D:9      | Noticed a two-headed ogre
  8584 | D:9      | Killed a two-headed ogre
  8599 | D:9      | Reached ** piety under Hepliaklqana
  8633 | D:9      | Remembered your ancestor Appius as a knight
  8724 | D:9      | Killed Erica
  8724 | D:9      | Reached skill level 10 in Fighting
  8724 | D:9      | Reached skill level 12 in Dodging
  8786 | D:9      | Found Zin's Purification Station.
  8789 | D:9      | Found a glowing silver altar of Zin.
  8850 | D:9      | Reached XP level 11. HP: 81/81 MP: 11/11
  9078 | D:9      | Found a staircase to the Lair.
  9111 | D:9      | Reached skill level 1 in Shields
  9403 | D:10     | Noticed Sonja
  9564 | D:10     | Reached *** piety under Hepliaklqana
  9667 | D:10     | Reached skill level 2 in Shields
  9939 | D:11     | Reached skill level 3 in Shields
 10028 | Lair:1   | Entered Level 1 of the Lair of Beasts
 10045 | Lair:1   | Reached skill level 4 in Shields
 10715 | Lair:1   | Noticed a four-headed hydra
 10728 | Lair:1   | Killed a four-headed hydra
 10728 | Lair:1   | Reached skill level 5 in Shields
 10806 | Lair:1   | Reached skill level 6 in Shields
 11020 | Lair:1   | Reached skill level 7 in Shields
 11362 | Lair:2   | Noticed a five-headed hydra
 11380 | Lair:2   | Killed a five-headed hydra
 11380 | Lair:2   | Reached skill level 8 in Shields
 11640 | Lair:2   | Reached XP level 12. HP: 89/89 MP: 12/12
 11651 | Lair:2   | Reached skill level 9 in Shields
 11838 | Lair:2   | Noticed a five-headed hydra
 11855 | Lair:2   | Killed a five-headed hydra
 11855 | Lair:2   | Reached skill level 10 in Shields
 11891 | Lair:2   | Noticed an eight-headed hydra
 11904 | Lair:2   | Killed an eight-headed hydra
 12112 | Lair:2   | Reached **** piety under Hepliaklqana
 12323 | Lair:2   | Found a staircase to the Swamp.
 12623 | Lair:3   | Reached skill level 11 in Shields
 13460 | Lair:4   | Noticed a death yak
 13467 | Lair:4   | Noticed a death yak
 13470 | Lair:4   | Reached skill level 12 in Shields
 13471 | Lair:4   | Noticed a death yak
 13475 | Lair:4   | Noticed a death yak
 13561 | Lair:4   | Reached ***** piety under Hepliaklqana
 13597 | Lair:4   | Found a hole to the Spider Nest.
 13703 | Lair:4   | Noticed a catoblepas
 13965 | Lair:4   | Killed a catoblepas
 14041 | Lair:4   | Reached skill level 13 in Shields
 14041 | Lair:4   | Reached XP level 13. HP: 93/93 MP: 13/13
 14272 | Lair:4   | Reached skill level 14 in Shields
 15075 | Lair:5   | Got a tattered robe
 15264 | Lair:6   | Entered Level 6 of the Lair of Beasts
 15495 | Lair:6   | Noticed Kirke
 15555 | Lair:5   | Reached skill level 15 in Shields
 15853 | Lair:6   | Noticed a sphinx
 15859 | Lair:6   | Noticed a sphinx
 15861 | Lair:6   | Killed Kirke
 15861 | Lair:6   | Reached skill level 3 in Invocations
 15911 | Lair:6   | Reached skill level 4 in Invocations
 15947 | Lair:6   | Reached skill level 5 in Invocations
 15983 | Lair:6   | Reached skill level 6 in Invocations
 16040 | Lair:6   | Got a bloodstained dagger
 16112 | Lair:6   | Reached skill level 7 in Invocations
 16185 | Lair:6   | Reached XP level 14. HP: 99/99 MP: 19/19
 16191 | Lair:6   | Noticed Manatee's ghost (journeyman GnAK)
 16213 | Lair:6   | Reached skill level 8 in Invocations
 16437 | Lair:6   | Reached skill level 9 in Invocations
 16493 | Lair:6   | Got a smoking trident
 16494 | Lair:6   | Identified the +6 trident of Teboe {venom, SInv} (You found it on level 6 of the Lair of Beasts)
 16635 | Lair:6   | Killed Manatee's ghost
 16724 | Lair:6   | Found a staircase to the Slime Pits.
 16727 | Lair:6   | Found a viscous altar of Jiyva.
 16776 | Lair:6   | Reached skill level 10 in Invocations
 17066 | Lair:6   | Reached skill level 11 in Invocations
 17199 | Lair:6   | Paralysed by a hornet for 2 turns
 17569 | D:10     | Noticed Nergalle
 17588 | D:10     | Killed Nergalle
 17907 | D:11     | Got a warped hunting sling
 18168 | D:12     | Reached skill level 12 in Invocations
 18432 | D:12     | Noticed mcsquinty's ghost (journeyman MiFi)
 18476 | D:12     | HP: 22/99 [mcsquinty's ghost (18)]
 18483 | D:12     | Found a hazy altar of Hepliaklqana.
 18692 | D:12     | Found a staircase to the Orcish Mines.
 18693 | D:12     | Noticed Erolcha
 18706 | D:12     | Cast into level 2 of the Abyss (Erolcha)
 18801 | Abyss:2  | Noticed a tentacled monstrosity
 18826 | Abyss:2  | Killed a tentacled monstrosity
 18826 | Abyss:2  | Reached skill level 13 in Invocations
 18955 | Abyss:2  | Noticed a purple very ugly thing
 18955 | Abyss:2  | Noticed a purple very ugly thing
 18955 | Abyss:2  | Noticed a purple very ugly thing
 18955 | Abyss:2  | Noticed a purple very ugly thing
 19024 | Abyss:2  | Killed a red very ugly thing
 19034 | Abyss:2  | Reached XP level 15. HP: 91/105 MP: 25/25
 19052 | D:12     | Escaped the Abyss
 19059 | D:12     | HP: 3/105 [white very ugly thing (35)]
 19073 | D:12     | HP: 21/105 [brown very ugly thing (10)]
 19078 | D:12     | Reached skill level 14 in Invocations
 19225 | D:12     | HP: 19/105 [white very ugly thing (30)]
 19227 | D:12     | HP: 5/105 [white very ugly thing (15)]
 19227 | D:12     | Annihilated by a white very ugly thing

Skill      XL: |  1  2  3  4  5  6  7  8  9 10 11 12 13 14 15 |
---------------+----------------------------------------------+-----
Polearms       | 5 6 7 8 10 12 14 | 14.1
Fighting       | 4 8 10 | 10.6
Dodging        | 5 10 12 | 12.6
Shields        | 8 13 15 | 15.0
Invocations    | 7 13 14 | 14.0
Throwing       | |  2.3

Action                   |  1- 3 |  4- 6 |  7- 9 | 10-12 | 13-15 || total
-------------------------+-------+-------+-------+-------+-------++-------
Melee: Trident           |   122 |   291 |   363 |   542 |  1039 ||  2357
       Unarmed           |       |       |       |       |    16 ||    16
       Tailslap          |       |       |       |       |    21 ||    21
Throw: Throwing net      |       |       |       |     1 |     1 ||     2
Invok: Recall Ancestor   |       |       |     1 |     1 |     1 ||     3
       Ancestor Life: Kn |       |       |       |     1 |       ||     1
       Transference      |       |       |       |       |     1 ||     1
       Idealise          |       |       |       |       |     2 ||     2
Evoke: Wand              |       |       |       |       |     2 ||     2
  Use: Potion            |       |     4 |     3 |       |     3 ||    10
       Scroll            |       |       |    15 |     9 |     8 ||    32
 Stab: Sleeping          |     1 |     1 |     1 |    14 |    18 ||    35
       Invisible         |       |     2 |     5 |       |       ||     7
       Distracted        |       |       |     1 |     8 |     6 ||    15
  Eat: Chunk             |     2 |     5 |     9 |    22 |     8 ||    46
       Ration            |       |     2 |     1 |       |     3 ||     6
Armor: Leather armour    |    10 |    38 |       |       |       ||    48
       Ring mail         |       |    37 |       |       |       ||    37
       Scale mail        |       |       |    82 |    25 |    62 ||   169
Dodge: Dodged            |    63 |   179 |   114 |    83 |   246 ||   685
Block: Shield            |       |       |     2 |   187 |   509 ||   698
       Reflection        |       |       |       |       |     7 ||     7

Vault maps used:
D:1:      moated_graveyard_arrival
D:2:      cheibrodos_pilgrimage, first_ration
D:3:      chequers_temple_overflow_statue_of_worship
D:5:      overflow_temple_1_default, uniq_grinder, uniq_pikel,
          uniq_prince_ribbit1
D:7:      minmay_temple_entry_junction
D:8:      kiku_gazebo_pond_becter, uniq_maurice
D:9:      zin_purify, minitemple, david_lair_shrubbed, serial_shops,
          nicolae_shop_window_shopping, uniq_erica
D:10:     uniq_nergalle, uniq_sonja
D:11:     serial_shops, shop, lab_entry_generic, enter_bailey_2
D:12:     kb_forest_paths, basic_altar, lemuel_centaur_altar, uniq_erolcha
Temple:   eino_wide_crystal_templ
Lair:1:   hangedman_lair_generics_rect, serial_bayou_shore_b
Lair:2:   nicolae_swamp_entry_splash_gauntlet, lemuel_fruit_tree,
          infiniplex_staircase_pool, serial_bayou_shore_a
Lair:3:   beast_lair_carwin_8
Lair:4:   spider_nest_entry_rubble, grunt_forest_small_clearings,
          cheibrodos_lair_lostbears, serial_bayou_shore_b
Lair:6:   gammafunk_lair_ancient_temple, slime_altar_1, serial_bayou_pond_b,
          minivault_24, uniq_kirke

Table legend:
 A = Turns spent in this place as a percentage of turns spent in the entire game.
 B = Non-inter-level travel turns spent in this place as a percentage of non-inter-level travel turns spent in the entire game.
 C = Inter-level travel turns spent in this place as a percentage of turns spent in this place.
 D = Turns resting spent in this place as a percentage of non-inter-level travel turns spent in this place.
 E = Turns spent auto-exploring this place as a percentage of non-inter-level travel turns spent in this place.
 F = Non-inter-level travel turns spent in this place divided by the number of levels of this place that you've seen.
                   A       B       C       D       E      F
               +-------+-------+-------+-------+-------+----------------------
         Total | 100.0 | 100.0 |   5.4 |  22.3 |  52.2 | 909.3
       Dungeon |  59.4 |  59.2 |   5.7 |  24.4 |  54.5 | 897.4
        Temple |   0.2 |   0.1 |  33.3 |   0.0 |  70.8 |  24.0
          Lair |  38.6 |  38.8 |   5.1 |  19.8 |  51.1 | 1174.7
         Abyss |   1.8 |   1.9 |   0.0 |  11.8 |   0.0 | 346.0
               +-------+-------+-------+-------+-------+----------------------

Table legend:
 A = Kills in this place as a percentage of kills in entire the game.
 B = Kills by you in this place as a percentage of kills by you in the entire game.
 C = Kills by friends in this place as a percentage of kills by friends in the entire game.
 D = Other kills in this place as a percentage of other kills in the entire game.
 E = Experience gained in this place as a percentage of experience gained in the entire game.
 F = Experience gained in this place divided by the number of levels of this place that you have seen.
                   A       B       C       D       E      F
               +-------+-------+-------+-------+-------+----------------------
         Total | 100.0 | 100.0 | 100.0 | 100.0 | 100.0 | 4501.5
       Dungeon |  54.7 |  58.1 |  30.4 | 100.0 |  24.6 | 1848.8
          Lair |  42.1 |  38.8 |  66.1 |   0.0 |  64.8 | 9726.3
         Abyss |   3.2 |   3.1 |   3.6 |   0.0 |  10.5 | 9487.0
               +-------+-------+-------+-------+-------+----------------------
